Match 45944178
Unlisted

Match 45944178
End
Construct Barracks
Engineer Squad
Riflemen Squad
Riflemen Squad
Riflemen Squad
M1 Mortar Team
Infantry Support Center
Construct Motor Pool
M1 Anti-tank Gun Team
M8 Greyhound Armored Car
Riflemen Squad
M1 Anti-tank Gun Team
Tiensin
Bego
Angrybirds
Xufe
0
0

Comments sign in to comment!

No comments posted yet!